 Dungeon Crawl Stone Soup version 0.19.0-2-gae57169 (webtiles) character file.

14798 dobroeutro the Archer (level 11, -1/101 HPs)
             Began as a Centaur Hunter on Nov 5, 2016.
             Was a High Priest of Okawaru.
             Slain by a troll (12 damage)
             ... on level 11 of the Dungeon.
             The game lasted 00:39:53 (18244 turns).

dobroeutro the Archer (Centaur Hunter)             Turns: 18244, Time: 00:39:54

Health: -1/101     AC: 20    Str: 13    XL:     11   Next: 93%
Magic:  12/12      EV: 11    Int: 10    God:    Okawaru [*****.]
Gold:   609        SH:  0    Dex: 11    Spells: 0 memorised, 10 levels left

rFire  . . .     SeeInvis +     a - +1 shortbow
rCold  . . .     Gourm    +     O - +4 scale mail of Pier {rPois}
rNeg   . . .     Faith    .     (shield currently unavailable)
rPois  +         Spirit   .     (helmet restricted)
rElec  .         Reflect  .     A - +0 cloak
rCorr  .         Harm     .     U - +0 pair of gloves
MR     .....                    X - +0 centaur barding
Stlth  ..........               e - amulet of the gourmand
                                v - ring of see invisible
                                K - +3 ring of evasion

@: drained, very quick
A: hooves 3, horns 1, blink, deformed body, speed 2, high mp 1, tough skin 3,
weak 2
a: Blink, Heroism, Finesse, Renounce Religion


You were on level 11 of the Dungeon.
You worshipped Okawaru.
Okawaru was extremely pleased with you.
You were very full.

You visited 2 branches of the dungeon, and saw 13 of its levels.
You also visited: Sewer and Bailey.

You collected 651 gold pieces.
You spent 42 gold pieces at shops.

Inventory:

Hand Weapons
 a - a +1 shortbow (weapon)
 F - a +3 flail of draining
 R - a +1 short sword of venom
Missiles
 d - 144 arrows (quivered)
Armour
 c - the +9 chain mail of Arghem {Int-5 Dex+6 SInv}
   (You found it on level 11 of the Dungeon)

   It affects your intelligence (-5).
   It affects your dexterity (+6).
   It lets you see invisible.
 A - a +0 cloak (worn)
 D - a +1 helmet of see invisible
 H - a +2 robe of magic resistance
 O - the +4 scale mail of Pier (worn) {rPois}
   (You took it off an orc on level 8 of the Dungeon)

   It protects you from poison.
 S - the +2 ring mail "Peef" {rElec rCorr}
   (You found it on level 9 of the Dungeon)

   It insulates you from electricity.
   It protects you from acid and corrosion.
 U - a +0 pair of gloves (worn)
 X - a +0 centaur barding (worn)
 Y - a +2 robe of cold resistance
Jewellery
 e - an amulet of the gourmand (around neck)
 q - an uncursed ring of magical power
 v - a ring of see invisible (right hand)
 J - an uncursed ring of fire
 K - a +3 ring of evasion (left hand)
Wands
 b - a wand of digging (8/24)
 u - a wand of digging (15/24)
 N - a wand of disintegration (10/24)
Scrolls
 g - 14 scrolls of remove curse
 j - 3 scrolls of enchant armour
 p - 8 scrolls of identify
 r - 2 scrolls of amnesia
 x - 3 scrolls of random uselessness
 y - 3 scrolls of fog
 z - a scroll of recharging
 E - 2 scrolls of teleportation
Potions
 h - 2 potions of degeneration
 m - a potion of agility
 n - 2 potions of flight {unknown}
 o - a potion of cure mutation {unknown}
 s - 2 potions of brilliance
 t - a potion of heal wounds
 B - 3 potions of haste
 I - a potion of beneficial mutation
 P - 7 potions of magic
 Q - 2 potions of berserk rage
 T - 2 potions of curing
Books
 G - a book of Maledictions

   Spells                             Type                      Level
   a - Corona                         Hexes                        1
   b - Ensorcelled Hibernation        Hexes/Ice                    2
   c - Confuse                        Hexes                        3
   d - Tukima's Dance                 Hexes                        3
   e - Dazzling Spray                 Conjuration/Hexes            3
 Z - a book of Enchantments

   Spells                             Type                      Level
   a - Cause Fear                     Hexes                        4
   b - Yara's Violent Unravelling     Hexes/Transmutation          5
   c - Silence                        Hexes/Air                    5
   d - Deflect Missiles               Charms/Air                   6
   e - Discord                        Hexes                        8
Comestibles
 f - 8 bread rations
 i - 7 meat rations
 k - 7 royal jellies
 l - 2 beef jerkies
 C - 2 fruits


   Skills:
 + Level 10.3 Fighting
 + Level 13.2(13.1) Bows
 + Level 7.6 Armour
 + Level 7.4(7.3) Dodging
 - Level 0.4 Stealth


You had 10 spell levels left.
You didn't know any spells.

Dungeon Overview and Level Annotations

Branches:
Dungeon (12/15)            Temple (1/1) D:4            Lair (0/6) D:10
    Orc (0/2) D:9

Altars:
Ashenzari
Cheibriados
Dithmenos
Fedhas
Gozag
Hepliaklqana
Nemelex Xobeh
Okawaru
Qazlal
Trog
Vehumet
Yredelemnul
Zin

Shops:
D:6 *(*   D:9 ?

Annotations:
D:5 Pikel
D:10 exclusion: oklob sapling
D:11 removeelyvilon's ghost, journeyman DsTm
D:12 Nessos


Innate Abilities, Weirdness & Mutations

You have hooves in place of feet.
Armour fits poorly on your strangely shaped body.
You cover ground very quickly.
You have extremely tough skin. (AC +3)
You have a pair of small horns on your head.
You can translocate small distances at will.
You have an increased reservoir of magic. (+10% MP)
You are very weak. (Str -4)


Message History

The orc hits you with a hand axe.
* * * LOW HITPOINT WARNING * * *
The shadow imp gestures at you. Pain shoots through your body!
* * * LOW HITPOINT WARNING * * *
You feel sick.
You feel sick. The troll bites you but does no damage. The troll claws you.
* * * LOW HITPOINT WARNING * * *
The troll claws you!
* * * LOW HITPOINT WARNING * * *
* * * LOW HITPOINT WARNING * * *
You feel sick.
* * * LOW HITPOINT WARNING * * *
You feel sick.
The teleport trap disappears.
The troll disappears!
You feel better. The shadow imp gestures at you. Pain shoots through your body!
* * * LOW HITPOINT WARNING * * *
The troll bites you!
You die...

#.........# #.........#
#.........# #.........#########
#..................
#.........######### ######
#.........# ########....#
#.........# .......#....#
#.@##.######### # .......#....#
#.T##.# #.....# ### .......#....#
#..##.# #../..###.[
.......#....###..##.# #.....o....
.......#.##..#...##.###...o.###..
.).....#.###.#.#.##.........##...
.......#.# #...#.#####......##...
####.....# ##..#.# #......##...
## ##..>## #...#.## ##..#####)..


You could see a troll.

Vanquished Creatures
  Erica (D:8)
  Nergalle (D:10)
  The ghost of Archivist the Skirmisher, a novice DrAM of Vehumet (D:9)
  The ghost of RobertPalmer the Covert, a novice OpCK of Xom (D:8)
  An orc knight (Bailey)
  2 manticores
  The ghost of removeelyvilon the Slasher, a novice MiFi of Gozag (D:5)
  3 trolls
  A queen bee (D:8)
  Grinder (D:5)
  2 two-headed ogres (D:8)
  4 hippogriffs
  A vampire (D:11)
  3 yaks (D:11)
  Sigmund (D:5)
  2 wraiths
  3 wyverns
  2 hungry ghosts
  3 water moccasins
  4 ice beasts
  3 sky beasts
  An orc warrior (D:11)
  2 slaves (D:5)
  2 phantoms
  2 black bears (D:8)
  A hornet zombie (D:5)
  9 ogres
  6 centaurs
  A gnoll sergeant (D:11)
  8 bullfrogs
  A wyvern zombie (D:8)
  2 scorpions
  A wyvern skeleton (D:10)
  19 killer bees
  9 wights (D:10)
  3 howler monkeys
  4 crimson imps
  6 hounds
  2 bullfrog zombies (D:9)
  3 orc priests
  2 bullfrog skeletons
  8 jellies
  4 iguanas
  18 orc wizards
  8 worker ants
  A hound zombie (D:5)
  14 adders
  27 gnolls
  5 shadow imps
  11 oozes (Sewer)
  2 adder skeletons (D:6)
  An adder zombie (D:9)
  2 worms
  7 dart slugs
  16 leopard geckos
  35 orcs
  15 giant cockroaches
  10 goblins
  20 hobgoblins
  17 jackals
  5 quokkas
  15 ball pythons
  6 bats
  13 frilled lizards
  11 kobolds
  A leopard gecko skeleton (D:7)
  A quokka skeleton (D:5)
  5 rats
  A plant (D:10)
404 creatures vanquished.

Vanquished Creatures (others)
  2 fungi (D:11)
  A plant (D:10)
3 creatures vanquished.

Grand Total: 407 creatures vanquished

Notes
Turn   | Place    | Note
-------+----------+-------------------------------------------
     0 | D:1      | dobroeutro the Centaur Hunter began the quest for the Orb.
     0 | D:1      | Reached XP level 1. HP: 17/17 MP: 1/1
   180 | D:1      | Reached XP level 2. HP: 13/24 MP: 2/2
   719 | D:2      | Reached skill level 1 in Armour
   719 | D:2      | Reached XP level 3. HP: 30/30 MP: 3/3
  1401 | D:3      | Reached XP level 4. HP: 21/37 MP: 4/4
  1626 | D:3      | Reached skill level 6 in Bows
  1766 | D:3      | Found a blossoming altar of Fedhas.
  1925 | D:3      | You fall through a shaft!
  2186 | D:3      | Found a glowing drain.
  2199 | Sewer    | Entered a sewer
  2366 | Sewer    | Reached XP level 5. HP: 36/45 MP: 5/5
  2892 | Sewer    | Reached XP level 6. HP: 39/52 MP: 6/6
  3417 | D:4      | Reached skill level 7 in Bows
  3523 | D:4      | Found a glowing silver altar of Zin.
  3712 | D:4      | Reached XP level 7. HP: 36/60 MP: 7/7
  4412 | D:4      | Found a staircase to the Ecumenical Temple.
  4649 | Temple   | Entered the Ecumenical Temple
  4763 | Temple   | Became a worshipper of Warmaster Okawaru
  4810 | D:5      | Entered Level 5 of the Dungeon
  4810 | D:5      | Noticed Grinder
  4884 | D:5      | Noticed removeelyvilon's ghost (novice MiFi)
  5083 | D:5      | Paralysed by Grinder for 2 turns
  5102 | D:5      | Killed Grinder
  5102 | D:5      | Reached skill level 5 in Fighting
  5102 | D:5      | Reached skill level 8 in Bows
  5541 | D:5      | Reached * piety under Okawaru
  5543 | D:5      | Noticed Sigmund
  5648 | D:5      | Killed Sigmund
  5648 | D:5      | Reached XP level 8. HP: 52/68 MP: 8/8
  5719 | D:5      | Gained mutation: You are weak. (Str -2) [mutagenic meat]
  5720 | D:5      | Gained mutation: You have an increased reservoir of magic. (+10% MP) [mutagenic meat]
  6003 | D:5      | Noticed Pikel
  6718 | D:6      | Found Biloatex's Assorted Antiques.
  6868 | D:6      | Found Henaruyph's Assorted Antiques.
  6871 | D:6      | Found Asosapol's Weapon Emporium.
  6888 | D:6      | Bought 15 arrows for 42 gold pieces
  6932 | D:6      | Found a stormy altar of Qazlal.
  6933 | D:6      | Noticed an air elemental
  6964 | D:6      | Reached ** piety under Okawaru
  6964 | D:6      | Reached skill level 9 in Bows
  7352 | D:6      | Reached XP level 9. HP: 78/78 MP: 9/9
  7939 | D:7      | Found a hazy altar of Hepliaklqana.
  8320 | D:7      | Reached skill level 10 in Bows
  8680 | D:7      | Reached *** piety under Okawaru
  8883 | D:5      | Killed removeelyvilon's ghost
  8883 | D:5      | Received a gift from Okawaru
  8883 | D:5      | Reached skill level 5 in Armour
  8883 | D:5      | Reached skill level 5 in Dodging
  9970 | D:8      | Found a bloodstained altar of Trog.
 10172 | D:8      | Reached XP level 10. HP: 88/88 MP: 11/11
 10471 | D:8      | Received a gift from Okawaru
 10830 | D:8      | Reached skill level 11 in Bows
 11168 | D:8      | Noticed RobertPalmer's ghost (novice OpCK)
 11175 | D:8      | Got a spiked scale mail
 11199 | D:8      | Killed RobertPalmer's ghost
 11199 | D:8      | Reached **** piety under Okawaru
 11404 | D:8      | Identified the +4 scale mail of Pier {rPois} (You took it off an orc on level 8 of the Dungeon)
 11902 | D:8      | Noticed Erica
 11919 | D:8      | Killed Erica
 11919 | D:8      | Received a gift from Okawaru
 11919 | D:8      | Received a gift from Okawaru
 12264 | D:8      | Reached skill level 12 in Bows
 12509 | D:9      | Gained mutation: You are very weak. (Str -4) [mutagenic meat]
 12510 | D:9      | Gained mutation: You can translocate small distances at will. [mutagenic meat]
 12534 | D:9      | Got a steaming ring mail
 12545 | D:9      | Identified the +2 ring mail "Peef" {rElec rCorr} (You found it on level 9 of the Dungeon)
 12615 | D:9      | Noticed Archivist's ghost (novice DrAM)
 12655 | D:9      | Killed Archivist's ghost
 12655 | D:9      | Reached XP level 11. HP: 79/97 MP: 10/12
 12767 | D:9      | Reached ***** piety under Okawaru
 12962 | D:9      | Received a gift from Okawaru
 13582 | D:9      | Found a basalt altar of Yredelemnul.
 13701 | D:9      | Found a staircase to the Orcish Mines.
 13729 | D:9      | Found Jetzumua's Magic Scroll Boutique.
 13864 | D:9      | Found a bloodstained altar of Trog.
 14048 | D:10     | Entered Level 10 of the Dungeon
 14081 | D:10     | Found a flagged portal.
 14099 | Bailey   | Entered a bailey
 14375 | Bailey   | Noticed an orc knight
 14407 | Bailey   | Gained mutation: You have a pair of small horns on your head. [potion of beneficial mutation]
 14432 | Bailey   | Killed an orc knight
 14432 | Bailey   | Received a gift from Okawaru
 15552 | D:10     | Found a staircase to the Lair.
 16210 | D:11     | Noticed removeelyvilon's ghost (journeyman DsTm)
 16615 | D:11     | Reached skill level 10 in Fighting
 16618 | D:11     | Noticed Nergalle
 16798 | D:10     | Killed Nergalle
 16798 | D:10     | Reached skill level 13 in Bows
 17135 | D:10     | Received a gift from Okawaru
 17908 | D:11     | Got a transparent chain mail
 17919 | D:11     | Identified the +9 chain mail of Arghem {Int-5 Dex+6 SInv} (You found it on level 11 of the Dungeon)
 17952 | D:12     | Noticed Nessos
 18213 | D:11     | HP: 5/101 [poisoned by Nessos]
 18218 | D:11     | HP: 5/101 [poisoned by Nessos]
 18244 | D:11     | Slain by a troll

Skill      XL: |  1  2  3  4  5  6  7  8  9 10 11 |
---------------+----------------------------------+-----
Armour         | 1 2 3 4 5 6 7 |  7.6
Fighting       | 3 4 5 6 7 9 10 | 10.3
Bows           | 6 7 8 9 10 12 13 | 13.2
Dodging        | 2 3 4 5 6 7 |  7.4
Stealth        | |  0.4

Action                   |  1- 3 |  4- 6 |  7- 9 | 10-12 || total
-------------------------+-------+-------+-------+-------++-------
Melee: Short sword       |   107 |    12 |       |    14 ||   133
       Kick              |    22 |    65 |    62 |     5 ||   154
       Dagger            |       |   229 |   215 |       ||   444
       Flail             |       |       |    27 |    16 ||    43
       Headbutt          |       |       |       |     4 ||     4
 Fire: Shortbow          |     7 |    20 |   452 |  1175 ||  1654
Invok: Heroism           |       |       |     1 |    15 ||    16
 Abil: Blink             |       |       |       |     1 ||     1
Evoke: Wand              |       |       |     1 |       ||     1
  Use: Scroll            |     8 |     1 |     9 |     4 ||    22
       Potion            |       |       |     5 |    11 ||    16
  Eat: Chunk             |       |    21 |    27 |    27 ||    75
       Royal jelly       |       |       |     2 |       ||     2
       Meat ration       |       |       |       |     1 ||     1
Armor: Leather armour    |    30 |       |       |       ||    30
       Ring mail         |    19 |   137 |    26 |       ||   182
       Robe              |       |       |   125 |    19 ||   144
       Scale mail        |       |       |       |   209 ||   209
Dodge: Dodged            |    61 |   148 |   229 |   368 ||   806
